 Dungeon Crawl Stone Soup version 0.21-a0-450-gd87a9b2 (webtiles) character file.

172 slep the Slasher (level 5, -9/42 HPs)
             Began as a Demonspawn Monk on Nov 20, 2017.
             Killed by nerve-wracking pain
             ... invoked by Grinder
              (12 damage)
             ... on level 3 of the Dungeon.
             The game lasted 00:08:21 (1604 turns).

slep the Slasher (Demonspawn Monk)                  Turns: 1604, Time: 00:08:22

Health: -9/42      AC:  5    Str: 12    XL:     5   Next: 27%
Magic:  5/5        EV: 13    Int: 12    God:
Gold:   94         SH:  0    Dex: 15    Spells: 4/4 levels left

rFire    . . .     SeeInvis .   a - +0 falchion
rCold    . . .     Gourm    .   (no shield)
rNeg     . . .     Faith    .   x - +0 leather armour (curse)
rPois    .         Spirit   .   (no helmet)
rElec    .         Reflect  .   (no cloak)
rCorr    .         Harm     .   (no gloves)
MR       .....                  (no boots)
Stlth    +++.......             (no amulet)
HPRegen  0.14/turn              (no ring)
MPRegen  0.09/turn              (no ring)

@: no status effects
A: molten scales 1, nightstalker 1
a: no special abilities


You were on level 3 of the Dungeon.
You were hungry.

You visited 1 branch of the dungeon, and saw 3 of its levels.

You collected 94 gold pieces.

Inventory:

Hand Weapons
 a - a +0 falchion (weapon)
 i - a +1 hunting sling of flaming
 q - a cursed -3 spear
 s - a cursed -3 hunting sling
Missiles
 p - 4 tomahawks (quivered)
Armour
 b - a +0 robe
 e - a +0 leather armour
 m - a +0 ring mail of magic resistance
 x - a cursed +0 leather armour (worn)
Wands
 t - a wand of confusion (14/48)
Scrolls
 d - a scroll of enchant armour {unknown}
 f - 2 scrolls of amnesia {unknown}
 j - a scroll of noise {unknown}
 l - a scroll of fog {unknown}
 o - a scroll of recharging {unknown}
 r - 2 scrolls of identify {unknown}
 u - a scroll of blinking {unknown}
 v - a scroll of magic mapping {unknown}
Potions
 g - 3 potions of curing {unknown}
 k - a potion of degeneration {unknown}
 n - a potion of invisibility {unknown}
Comestibles
 c - 2 bread rations
 h - a meat ration
 w - 2 chunks of flesh


   Skills:
 + Level 3.8 Fighting
 + Level 4.1 Long Blades
 + Level 1.7 Armour
 + Level 3.2 Dodging
 + Level 2.0 Stealth


You had 4 spell levels left.
You didn't know any spells.

Dungeon Overview and Level Annotations

Branches:
Dungeon (3/15)

Altars:

Annotations:
D:3 Grinder


Innate Abilities, Weirdness & Mutations

You are partially covered in molten scales. (AC +2)
You are slightly more attuned to the shadows.


Message History

* * * LOW HITPOINT WARNING * * *
You barely miss Grinder.
Grinder is lightly wounded.
Grinder hits you.
* * * LOW HITPOINT WARNING * * *
You hit Grinder.
Grinder is lightly wounded.
Grinder closely misses you.
You riposte.
You hit Grinder.
Grinder is moderately wounded.
You hit Grinder.
Grinder is moderately wounded.
Grinder hits you.
* * * LOW HITPOINT WARNING * * *
You writhe in agony.
* * * LOW HITPOINT WARNING * * *
You hit Grinder but do no damage.
Grinder is moderately wounded.
Grinder gestures at you. Pain shoots through your body!
You die...

........# ........#
........# ........#
........# ........#
...(.5.(### .#
.....(@...# .# #....#
........#(# .# #....#
........#.# .# #....#
$.......#.# .# #....#
##..#####.# .# #....#
#.. #.# .# #....# ##
#.#
####....###########.#
........'...........#


You could see Grinder.

Vanquished Creatures
  Jessica (D:2)
  A worker ant (D:2)
  4 adders
  4 gnolls (D:2)
  A worm (D:3)
  2 dart slugs (D:1)
  3 ball pythons
  7 goblins
  4 hobgoblins
  A jackal (D:1)
  A quokka (D:2)
  3 bats
  5 frilled lizards
  5 kobolds
  8 rats
50 creatures vanquished.

Notes
Turn   | Place    | Note
-------+----------+-------------------------------------------
     0 | D:1      | slep the Demonspawn Monk began the quest for the Orb.
     0 | D:1      | Reached XP level 1. HP: 18/18 MP: 1/1
   204 | D:1      | Gained mutation: You are partially covered in molten scales. (AC +2) [demonic ancestry]
   204 | D:1      | Reached XP level 2. HP: 15/24 MP: 2/2
   342 | D:1      | Reached skill level 3 in Long Blades
   694 | D:2      | Noticed Jessica
   703 | D:2      | Killed Jessica
   703 | D:2      | Reached XP level 3. HP: 16/29 MP: 3/3
   781 | D:2      | Reached XP level 4. HP: 13/37 MP: 4/4
  1062 | D:2      | Reached skill level 1 in Armour
  1062 | D:2      | Gained mutation: You are slightly more attuned to the shadows. [demonic ancestry]
  1062 | D:2      | Reached XP level 5. HP: 29/42 MP: 5/5
  1413 | D:3      | Reached skill level 4 in Long Blades
  1583 | D:3      | Noticed Grinder
  1585 | D:3      | Paralysed by Grinder for 5 turns
  1604 | D:3      | Killed from afar by Grinder

Vault maps used:
D:1:      minmay_arrival_up_and_down, minmay_split_cup_large
D:2:      uniq_jessica
D:3:      first_bread, uniq_grinder

Skill      XL: |  1  2  3  4  5 |
---------------+----------------+-----
Long Blades    | 3 4 |  4.1
Dodging        | 3 |  3.2
Armour         | 1 |  1.7
Stealth        | 2 |  2.0
Fighting       | |  3.8

Action                   |  1- 3 |  4- 6 || total
-------------------------+-------+-------++-------
Melee: Falchion          |    75 |    90 ||   165
Throw: Tomahawk          |       |    12 ||    12
Evoke: Wand              |       |     3 ||     3
 Stab: Sleeping          |     2 |       ||     2
  Eat: Chunk             |       |     2 ||     2
Armor: Robe              |     3 |       ||     3
       Leather armour    |     7 |    12 ||    19
       Ring mail         |     5 |    22 ||    27
Dodge: Dodged            |    47 |    58 ||   105
       Rpst.: Falchion   |    16 |    18 ||    34

Table legend:
 A = Spawn XP
 B = Non-spawn XP
 C = Spawn XP percentage of total XP
 D = Spawn monster count
 E = Non-spawn monster count
 F = Spawn count percentage of total count
 G = Total turns spent on level
                    A         B        C        D         E        F      G
               +---------+---------+-------+---------+---------+-------+---------
         Total |       0 |     247 |   0.0 |       0 |      50 |   0.0 |  1604
               +---------+---------+-------+---------+---------+-------+---------
           D:1 |       0 |      31 |   0.0 |       0 |      17 |   0.0 |   642
           D:2 |       0 |     183 |   0.0 |       0 |      21 |   0.0 |   755
           D:3 |       0 |      33 |   0.0 |       0 |      12 |   0.0 |   207
               +---------+---------+-------+---------+---------+-------+---------
